 Seeded DCSS version 0.29-a0-284-gf9362112df (webtiles) character file.

Game seed: 10280712991196613600 (custom seed)

229550 bwicke the Dancer (level 19, -8/108 HPs)
             Began as a Vine Stalker Fighter on Mar 31, 2022.
             Was a High Priest of Uskayaw.
             Hit by a javelin thrown by a merfolk javelineer (9 damage)
             ... on level 4 of the Shoals on Apr 1, 2022.
             The game lasted 03:21:22 (28266 turns).

bwicke the Dancer (Vine Stalker Fighter)           Turns: 28266, Time: 03:21:23

Health: -8/108     AC: 24    Str: 22    XL:     19   Next: 45%
Magic:  0/31       EV: 21    Int: 11    God:    Uskayaw [*****.]
Gold:   1337       SH: 14    Dex: 21    Spells: 18/18 levels left

rFire   + . .      SeeInvis .   f - +9 quick blade (drain)
rCold   + . .      Faith    .   c - +2 buckler
rNeg    . . .      Spirit   +   r - +1 leather armour of Midwinter {rF+ rC+ Will+ Str+2}
rPois   +          Reflect  +   x - +2 helmet {Int+3}
rElec   .          Harm     .   b - scarf {repulsion}
rCorr   .          Rampage  .   n - +2 pair of gloves
Will    +++..                   i - +2 pair of boots
Stlth   +++++.....              q - amulet of reflection
HPRegen 1.08/turn               B - +4 ring of protection
MPRegen 0.22/turn               U - +4 ring of protection

@: engulfed (cannot breathe), hasted, repel missiles, very quick
A: fangs 3, regeneration 1, magic shield, antimagic bite, no potion heal 2,
poison resistance
}: 1/15 runes: serpentine
a: Renounce Religion, Stomp, Line Pass, Grand Finale


You were on level 4 of the Shoals.
You worshipped Uskayaw.
Uskayaw was pleased with you.
You visited 5 branches of the dungeon, and saw 31 of its levels.
You visited 1 bazaar.
You also visited: Bailey.

You collected 3007 gold pieces.
You spent 1670 gold pieces at shops.

Inventory:

Hand Weapons
 f - a +9 quick blade of draining (weapon)
 l - a +0 demon whip of venom
 m - a +0 fustibalus of freezing
 o - a +8 spear
 s - the +9 dagger "Killer Bee's Doom" {vorpal, *Slow rElec rPois Str+8}
   (You found it on level 3 of the Dungeon)

   It inflicts extra damage upon your enemies.
   Str:       It affects your strength (+8).
   rElec:     It insulates you from electricity.
   rPois:     It protects you from poison.
   *Slow:     It may slow you when you take damage.
 w - a +0 rapier of venom
 L - a +1 dagger of holy wrath
Missiles
 g - 5 atropa-tipped darts
 j - 12 silver javelins
 S - 5 throwing nets
Armour
 b - a scarf of repulsion (worn)
 c - a +2 buckler (worn)
 i - a +2 pair of boots (worn)
 n - a +2 pair of gloves (worn)
 r - the +1 leather armour of Midwinter (worn) {rF+ rC+ Will+ Str+2}
   (You found it in a bailey)

   Str:       It affects your strength (+2).
   rF:        It protects you from fire.
   rC:        It protects you from cold.
   Will:      It increases your willpower.
 x - a +2 helmet of intelligence (worn)
 D - a +5 tower shield
 H - the +0 helmet of Resonance {rC++ Will- Str+2 Dex+3}
   (You found it on level 14 of the Dungeon)

   Str:       It affects your strength (+2).
   Dex:       It affects your dexterity (+3).
   rC:        It greatly protects you from cold.
   Will:      It decreases your willpower.
 P - the +2 chain mail "Moh Gaeth" {+Blink Will+ Regen+}
   (You acquired it in a bailey)

   +Blink:    It lets you blink.
   Regen:     It increases your rate of health regeneration.
   Will:      It increases your willpower.
 T - the +5 ring mail "Muredgh" {Stlth+}
   (You bought it in a shop in a bazaar)

   Stlth:     It makes you more stealthy.
Jewellery
 q - an amulet of reflection (around neck)
 B - a +4 ring of protection (left hand)
 C - a +6 ring of strength
 K - a ring of resist corrosion
 U - a +4 ring of protection (right hand)
 X - an amulet of regeneration
Wands
 J - a wand of iceblast (17)
 N - a wand of digging (5)
 Z - a wand of paralysis (9)
Scrolls
 a - 2 scrolls of summoning
 e - 15 scrolls of teleportation
 p - a scroll of silence
 u - 5 scrolls of immolation
 y - a scroll of brand weapon
 E - a scroll of holy word
 G - a scroll of blinking
 M - 4 scrolls of fear
 O - 8 scrolls of fog
 Q - 9 scrolls of enchant weapon
 Y - 5 scrolls of magic mapping
Potions
 d - 6 potions of might
 h - 4 potions of haste
 k - 2 potions of berserk rage
 t - 4 potions of resistance
 z - a potion of attraction
 A - 17 potions of curing
 F - 7 potions of mutation
 I - 2 potions of invisibility
 R - 3 potions of lignification
 V - 4 potions of flight
 W - 2 potions of cancellation
Miscellaneous
 v - a box of beasts


   Skills:
 - Level 15.0 Fighting
 - Level 10.0 Short Blades
 - Level 6.0 Throwing
 - Level 12.2 Armour
 - Level 12.5 Dodging
 - Level 12.1 Stealth
 - Level 9.7 Shields
 + Level 4.2 Hexes
 - Level 15.0 Invocations
 - Level 10.0 Evocations


You had 18 spell levels left.
You didn't know any spells.
Your spell library contained the following spells:

 Spells                   Type           Power      Damage    Failure   Level
 Confusing Touch          Hex            9%         N/A       26%         3
 Apportation              Tloc           0%         N/A       43%         1
 Shock                    Conj/Air       0%         1d3       43%         1
 Portal Projectile        Hex/Tloc       8%         N/A       52%         3
 Corpse Rot               Necr/Air       0%         N/A       58%         2
 Scorch                   Fire           0%         2d5       58%         2
 Searing Ray              Conj           0%         2d4       58%         2
 Call Canine Familiar     Summ           0%         N/A       82%         3
 Gell's Gravitas          Tloc           0%         N/A       82%         3
 Lesser Beckoning         Tloc           0%         N/A       82%         3
 Stone Arrow              Conj/Erth      0%         3d7       82%         3
 Teleport Other           Tloc           0%         N/A       82%         3
 Leda's Liquefaction      Hex/Erth       2%         N/A       90%         4
 Airstrike                Air            0%         N/A       99%         4
 Animate Armour           Summ/Erth      0%         N/A       99%         4
 Flame Wave               Conj/Fire      0%         2d4       99%         4
 Olgreb's Toxic Radiance  Pois           0%         N/A       99%         4
 Petrify                  Tmut/Erth      0%         N/A       99%         4
 Summon Lightning Spire   Summ/Air       0%         N/A       99%         4
 Metabolic Englaciation   Hex/Ice        2%         N/A       99%         5
 Silence                  Hex/Air        2%         N/A       99%         5
 Yara's Violent Unravell  Hex/Tmut       2%         3d3       99%         5
 Alistair's Intoxication  Tmut/Pois      0%         N/A       100%        5
 Freezing Cloud           Conj/Ice/Air   0%         6-21      100%        5
 Lightning Bolt           Conj/Air       0%         1d11      100%        5
 Dispersal                Tloc           0%         N/A       100%        6
 Statue Form              Tmut/Erth      0%         N/A       100%        6
 Summon Cactus Giant      Summ           0%         N/A       100%        6
 Enfeeble                 Hex            4%         N/A       100%        7
 Ozocubu's Refrigeration  Ice            0%         4d5       100%        7
 Disjunction              Tloc           0%         N/A       100%        8
 Ignition                 Fire           0%         3d3       100%        8
 Lehudib's Crystal Spear  Conj/Erth      0%         10d2      100%        8
 Chain Lightning          Conj/Air       0%         N/A       100%        9
 Fire Storm               Conj/Fire      0%         5d1       100%        9
 Shatter                  Erth           0%         3d5*      100%        9


Dungeon Overview and Level Annotations

Branches:
Dungeon (15/15)            Temple (0/1) D:4            Lair (6/6) D:8
 Shoals (4/4) Lair:4        Snake (4/4) Lair:2        Slime (0/5) Lair:6
    Orc (2/2) D:11            Elf (0/3) Orc:2        Vaults (0/5) D:14
 Depths (0/4) D:15         Bailey (visited)

Altars:
Ashenzari
Cheibriados
Makhleb
Nemelex Xobeh
Ru
Uskayaw
Vehumet
Yredelemnul
Beogh
Jiyva

Shops:
D:5 (   Orc:2 !?=[:?   Shoals:2 [   Snake:1 [?!:   Snake:2 !   Snake:4 *

Portals:
Hell: Lair:6
Abyss: Lair:4

Annotations:
Lair:4 2 transporters, bande's ghost, journeyman GrFi
Shoals:2 2 transporters, Coargh's ghost, adept DjCj


Innate Abilities, Weirdness & Mutations

You have razor-sharp teeth.
Your natural rate of healing is unusually fast.
When hurt, damage is shared between your health and your magic reserves.
Your bite disrupts and absorbs the magic of your enemies.
Potions cannot restore your health.
Your system is resistant to poisons. (rPois)


Message History

The merfolk hits you but does no damage.
The merfolk misses you.
The sea snake bites you but does no damage.
You block the sea snake's attack.
A merfolk javelineer comes into view. It is wielding a +2 antimagic spear.
The sea snake bites you but does no damage.
Okay, then.
Unknown command.
Okay, then.
Unknown command.
Press: ? - help, v - describe, . - travel, g - get item
Here: a merfolk aquamancer, wielding a +2 rapier of electrocution and wearing a +0 robe Item here: a harpy corpse.
Some shallow water, summoned.
You feel yourself speed up.
* * * LOW HITPOINT WARNING * * *
Your lungs strain for air!
The sea snake barely misses you.
The merfolk avatar chants a haunting song.
You resist with almost no effort. The harpy completely misses you. x2
You block the water elemental's attack. You block the merfolk's attack.
The alligator snapping turtle barely misses you.
A snapping turtle comes into view.
The merfolk misses you.
The merfolk javelineer throws a silver javelin.
The silver javelin pierces through you.
* * * LOW HITPOINT WARNING * * *
The silver sears you!
* * * LOW HITPOINT WARNING * * *
The sea snake closely misses you. You block the sea snake's attack.
The merfolk aquamancer hits you but does no damage.
The merfolk hits you from afar with a +0 trident.
* * * LOW HITPOINT WARNING * * *
The merfolk hits you from afar with a +0 trident!
* * * LOW HITPOINT WARNING * * *
A merfolk comes into view.
It is wielding a +0 trident and quivering silver boomerangs.
The sea snake misses you.
The merfolk javelineer throws a javelin.
The javelin pierces through you!
You die...

..≈≈≈≈≈≈≈≈t.#.
.....≈≈≈≈≈≈≈≈≈≈.'
.....≈≈≈≈≈≈≈≈≈m.#
.......≈≈≈≈≈≈≈..####
.......≈≈≈≈≈≈S......
....m...≈m≈mH..<....
....m....≈ESmm.....?
...........@Sm......
.......<†.SSH.......
...#####..mtHm......
##†...m......
#.).........
#..)..'....m..m...
#.....#...........
##...##......m....
#### ............


You could see an alligator snapping turtle, a merfolk avatar, 3 merfolk
javelineers, 5 sea snakes, a merfolk aquamancer, a snapping turtle, 8 merfolk, a
manticore, a water elemental, a water nymph and 2 harpies.

Vanquished Creatures
  Bai Suzhen (Snake:4)
  Jorgrun (D:15)
  10 nagarajas
  Ilsuiw (Shoals:2)
  A frost giant (D:15)
  A fenstrider witch (Shoals:4)
  Louise (D:15)
  The ghost of Osanutie the Severer, a journeyman MiBe of Trog (D:14)
  A dire elephant (Lair:6)
  An ettin (D:15)
  6 merfolk javelineers
  3 merfolk impalers
  4 salamander tyrants
  The ghost of Qyacsuop the Distorting Demonspawn, a journeyman DsAK of Lugonu (Lair:2)
  6 boulder beetles
  18 hydras
  15 naga warriors
  An alligator snapping turtle (Shoals:3)
  5 ogre magi
  11 anacondas
  4 merfolk aquamancers
  2 catoblepae
  A death knight (D:13)
  2 centaur warriors
  20 two-headed ogres
  4 satyrs
  A tengu warrior (D:14)
  8 death yaks (Lair:6)
  13 naga sharpshooters
  9 slime creatures
  4 orc high priests
  10 shock serpents
  A sun demon (Lair:6)
  6 salamander mystics
  Amaemon (Lair:2)
  A skeletal warrior (D:13)
  7 sea snakes
  4 deep trolls
  4 naga ritualists
  3 deep elf pyromancers
  2 phantasmal warriors (D:13)
  6 orc knights
  9 harpies
  4 wizards
  10 ugly things
  2 orc sorcerers (Orc:2)
  16 salamanders
  6 mana vipers
  Maurice (D:10)
  11 manticores
  8 cyclopes
  18 naga magi
  12 elephants
  15 fauns
  45 black mambas
  5 merfolk sirens
  8 guardian serpents
  Joseph (D:10)
  3 water nymphs
  3 orange demons
  A torpor snail (Lair:6)
  17 cane toads
  A smoke demon (Lair:6)
  2 gargoyles
  5 rime drakes
  Maggie (D:7)
  2 kobold demonologists (Bailey)
  2 efreet (D:14)
  A freezing wraith (D:13)
  9 komodo dragons
  3 ice devils (Lair:6)
  12 trolls
  A meliai (shapeshifter) (D:14)
  10 wind drakes
  3 hornets
  25 merfolk
  7 dream sheep (Lair:6)
  6 snapping turtles
  24 blink frogs
  A shadow (D:12)
  15 water elementals
  42 yaks
  A spriggan (Lair:6)
  A wraith (D:9)
  A spriggan (shapeshifter) (D:15)
  4 wyverns
  6 basilisks
  4 humans (D:6)
  A steam dragon (D:7)
  2 vampire mosquitoes (D:13)
  Menkaure (D:4)
  65 nagas
  7 wargs
  An acid dragon (D:12)
  4 swamp worms (D:10)
  4 hell hounds (Lair:6)
  Duvessa (D:7)
  18 water moccasins
  2 sky beasts
  2 ice beasts (D:5)
  27 orc warriors
  28 wolves
  31 ogres
  2 centaurs (D:14)
  4 kobold brigands
  2 phantoms
  2 gnoll sergeants
  4 scorpions
  10 bullfrogs
  A necrophage (D:6)
  9 wights
  Dowan (D:7)
  5 electric eels
  7 howler monkeys
  A hound (D:4)
  5 jellies
  A gnoll shaman (D:5)
  12 orc priests
  4 iguanas
  20 orc wizards
  4 adders
  25 gnolls
  A shadow imp (D:5)
  A dart slug (D:2)
  65 orcs
  3 endoplasms (D:1)
  5 giant cockroaches
  13 hobgoblins
  13 jackals
  5 quokkas
  7 ball pythons
  3 bats (D:1)
  4 frilled lizards
  17 goblins
  18 kobolds
  5 rats
1059 creatures vanquished.

Vanquished Creatures (collateral kills)
  2 merfolk javelineers (Shoals:2)
  A merfolk impaler (Shoals:2)
  A yak (D:8)
  A howler monkey (D:8)
  A gnoll (D:4)
6 creatures vanquished.

Vanquished Creatures (others)
  A nagaraja (Snake:4)
  A gnoll (D:4)
  18 fungi
  67 plants
87 creatures vanquished.

Grand Total: 1152 creatures vanquished

Notes
Turn   | Place    | Note
-------+----------+-------------------------------------------
     0 | D:1      | bwicke the Vine Stalker Fighter began the quest for the
                  | Orb.
     0 | D:1      | Reached XP level 1. HP: 11/11 MP: 2/2
   241 | D:1      | Reached XP level 2. HP: 13/16 MP: 1/3
   599 | D:1      | Reached XP level 3. HP: 16/19 MP: 4/4
  1241 | D:2      | Found a radiant altar of Vehumet.
  1459 | D:2      | Found a faded altar of an unknown god.
  1466 | D:2      | Gained mutation: Your natural rate of healing is unusually
                  | fast. [Vine Stalker growth]
  1466 | D:2      | Reached XP level 4. HP: 23/23 MP: 5/5
  1911 | D:3      | Found a basalt altar of Yredelemnul.
  2203 | D:3      | Noticed a scorpion
  2218 | D:3      | Killed a scorpion
  2219 | D:3      | Reached skill level 5 in Short Blades
  2219 | D:3      | Reached XP level 5. HP: 23/27 MP: 4/6
  2345 | D:3      | Identified the +9 dagger "Killer Bee's Doom" {vorpal, *Slow
                  | rElec rPois Str+8}
  2862 | D:3      | Reached XP level 6. HP: 32/32 MP: 7/7
  2874 | D:4      | Found a staircase to the Ecumenical Temple.
  2875 | D:4      | Noticed Menkaure
  2881 | D:4      | Killed Menkaure
  2975 | D:4      | Reached XP level 7. HP: 35/35 MP: 8/8
  3019 | D:4      | Found a hide-covered altar of Uskayaw.
  3085 | D:4      | Became a worshipper of Uskayaw the Reveller
  3119 | D:4      | You fall into a shaft and drop 1 floor!
  3119 | D:5      | Entered Level 5 of the Dungeon
  3119 | D:5      | Noticed a wyvern
  3125 | D:5      | Reached * piety under Uskayaw
  3131 | D:5      | Reached ** piety under Uskayaw
  3132 | D:5      | Killed a wyvern
  3133 | D:5      | Reached *** piety under Uskayaw
  3224 | D:5      | Reached skill level 5 in Stealth
  3442 | D:4      | Identified a scroll of acquirement
  3448 | D:4      | Acquired a +5 quick blade
  3493 | D:4      | Found a snail-covered altar of Cheibriados.
  3559 | D:5      | Gained mutation: You have razor-sharp teeth. [Vine Stalker
                  | growth]
  3559 | D:5      | Reached XP level 8. HP: 39/39 MP: 9/9
  3845 | D:5      | Found Ywkexok's Weapon Shop.
  3976 | D:6      | Reached **** piety under Uskayaw
  3979 | D:6      | Reached ***** piety under Uskayaw
  3981 | D:6      | Reached skill level 10 in Stealth
  4023 | D:6      | Reached XP level 9. HP: 30/43 MP: 6/10
  5445 | D:7      | Noticed Duvessa
  5448 | D:7      | Noticed Dowan
  5453 | D:7      | Noticed a seven-headed hydra
  5593 | D:7      | Killed Dowan
  5605 | D:7      | Killed Duvessa
  5703 | D:7      | Killed a seven-headed hydra
  5810 | D:7      | Reached XP level 10. HP: 30/49 MP: 5/11
  5986 | D:7      | Got Cinlioh's Guide on Arcane Weapons
  6172 | D:7      | Noticed Maggie
  6187 | D:7      | Killed Maggie
  6374 | D:8      | Noticed an elephant
  6380 | D:8      | Found a staircase to the Lair.
  6387 | D:8      | Banished an elephant
  6400 | D:8      | Reached skill level 10 in Short Blades
  6425 | D:8      | Found a broken altar of Ashenzari.
  6438 | D:8      | Reached skill level 1 in Invocations
  6677 | D:8      | Reached ****** piety under Uskayaw
  7042 | D:9      | Found a flagged portal.
  7083 | Bailey   | Entered a bailey
  7111 | Bailey   | Reached skill level 5 in Invocations
  7138 | Bailey   | Noticed an orc knight
  7161 | Bailey   | Killed an orc knight
  7162 | Bailey   | Reached XP level 11. HP: 21/53 MP: 8/16
  7268 | Bailey   | Found an iron altar of Okawaru.
  7358 | Bailey   | Identified the +1 leather armour of Midwinter {rF+ rC+
                  | Will+ Str+2}
  7799 | D:9      | Noticed a two-headed ogre
  7817 | D:9      | Killed a two-headed ogre
  8126 | D:9      | Paralysed by a hornet for 2 turns
  8420 | Lair:1   | Entered Level 1 of the Lair of Beasts
  8427 | Lair:1   | Noticed an eight-headed hydra
  8438 | Lair:1   | Reached skill level 10 in Invocations
  8444 | Lair:1   | Killed an eight-headed hydra
  8874 | Lair:1   | Reached XP level 12. HP: 59/59 MP: 21/21
  8877 | Lair:1   | Reached skill level 5 in Fighting
  9283 | Lair:2   | Found a runed translucent door.
  9286 | Lair:2   | Noticed Qyacsuop's ghost (journeyman DsAK)
  9312 | Lair:2   | Killed Qyacsuop's ghost
  9556 | Lair:2   | Noticed an eight-headed hydra
  9562 | Lair:2   | Killed an eight-headed hydra
  9570 | Lair:2   | Noticed a five-headed hydra
  9584 | Lair:2   | Killed a five-headed hydra
  9647 | Lair:2   | Found a staircase to the Snake Pit.
  9875 | Lair:2   | Noticed Amaemon
  9884 | Lair:2   | Killed Amaemon
 10328 | Lair:3   | Reached skill level 10 in Fighting
 10382 | Lair:3   | Noticed an eight-headed hydra
 10394 | Lair:3   | Killed an eight-headed hydra
 10395 | Lair:3   | Reached XP level 13. HP: 28/72 MP: 10/22
 10549 | Lair:3   | Reached skill level 1 in Dodging
 11299 | Lair:4   | Found a transporter.
 11319 | Lair:4   | Found a hide-covered altar of Uskayaw.
 11444 | Lair:4   | Reached skill level 5 in Dodging
 11540 | Lair:4   | Found a transporter.
 11549 | Lair:4   | Noticed a cacodemon
 11586 | Lair:4   | Noticed bande's ghost (journeyman GrFi)
 11593 | Lair:4   | Found a one-way gate to the infinite horrors of the Abyss.
 11610 | Lair:4   | Noticed a rakshasa
 11749 | Lair:4   | Found a staircase to the Shoals.
 13073 | Lair:6   | Entered Level 6 of the Lair of Beasts
 13116 | Lair:6   | Reached XP level 14. HP: 75/79 MP: 23/23
 13325 | Lair:6   | Reached skill level 10 in Dodging
 13541 | Lair:6   | Found a viscous altar of Jiyva.
 13542 | Lair:6   | Found a staircase to the Slime Pits.
 14039 | Lair:6   | Noticed a dire elephant
 14059 | Lair:6   | Killed a dire elephant
 14109 | Lair:6   | Found a burning altar of Makhleb.
 14196 | Lair:6   | Found a gateway to Hell.
 14263 | Lair:6   | Reached XP level 15. HP: 63/83 MP: 14/24
 14647 | D:10     | Entered Level 10 of the Dungeon
 14926 | D:10     | Gained mutation: Your system is resistant to poisons.
                  | (rPois) [potion of mutation]
 14988 | D:10     | Found a radiant altar of Vehumet.
 14990 | D:10     | Noticed Joseph
 14993 | D:10     | Noticed Maurice
 15019 | D:10     | Killed Joseph
 15035 | D:10     | Killed Maurice
 15385 | D:11     | Found a staircase to the Orcish Mines.
 16607 | D:12     | Found a basalt altar of Yredelemnul.
 17207 | D:13     | Found a sparkling altar of Nemelex Xobeh.
 17992 | D:14     | Found a runed translucent gate.
 17993 | D:14     | Found a runed translucent gate.
 17994 | D:14     | Found a runed translucent gate.
 17995 | D:14     | Noticed Osanutie's ghost (journeyman MiBe)
 18047 | D:14     | Reached skill level 5 in Armour
 18205 | D:14     | Acquired the +2 chain mail "Moh Gaeth" {+Blink Will+
                  | Regen+}
 18652 | D:14     | Found a gate to the Vaults.
 18743 | D:14     | Found a sparkling altar of Nemelex Xobeh.
 18916 | D:14     | Killed Osanutie's ghost
 18942 | D:14     | Identified the +0 helmet of Resonance {rC++ Will- Str+2
                  | Dex+3}
 19059 | D:15     | Entered Level 15 of the Dungeon
 19068 | D:15     | Noticed Jorgrun
 19082 | D:15     | Killed Jorgrun
 19090 | D:15     | Reached skill level 10 in Armour
 19092 | D:15     | Reached XP level 16. HP: 62/87 MP: 22/26
 19163 | D:15     | Found a sacrificial altar of Ru.
 19255 | D:15     | Found a staircase to the Depths.
 19859 | D:15     | Noticed Louise
 19883 | D:15     | Killed Louise
 19884 | D:15     | Reached skill level 5 in Shields
 20128 | Orc:1    | Entered Level 1 of the Orcish Mines
 20281 | Orc:2    | Entered Level 2 of the Orcish Mines
 20284 | Orc:2    | Found a staircase to the Elven Halls.
 20756 | Orc:2    | Found Gos Zere's Magic Scroll Shoppe.
 20758 | Orc:2    | Found Zafusush's Book Emporium.
 20824 | Orc:2    | Bought a scroll of teleportation for 42 gold pieces
 20824 | Orc:2    | Bought a scroll of identify for 28 gold pieces
 20824 | Orc:2    | Bought a scroll of identify for 28 gold pieces
 21083 | Orc:2    | Found Pizxaer's Armour Shop.
 21083 | Orc:2    | Found Hurigiz's Jewellery Emporium.
 21085 | Orc:2    | Found Aseg's Magic Scroll Emporium.
 21085 | Orc:2    | Found Ziaboow's Distillery.
 21421 | Orc:2    | Bought a potion of might for 56 gold pieces
 21421 | Orc:2    | Bought a potion of curing for 42 gold pieces
 21421 | Orc:2    | Bought a potion of haste for 140 gold pieces
 21421 | Orc:2    | Bought a potion of flight for 42 gold pieces
 21421 | Orc:2    | Bought a potion of haste for 140 gold pieces
 21421 | Orc:2    | Bought a potion of berserk rage for 70 gold pieces
 21422 | Orc:2    | Bought a scroll of summoning for 171 gold pieces
 21795 | Snake:1  | Entered Level 1 of the Snake Pit
 21866 | Snake:1  | Found Rylam's Armour Shoppe.
 21886 | Snake:1  | Reached skill level 1 in Throwing
 22021 | Snake:1  | Found Qagowkem's Magic Scroll Emporium.
 22040 | Snake:1  | Found Nuskawus's Distillery.
 22097 | Snake:1  | Found Goqiw's Book Emporium.
 22163 | Snake:1  | Reached XP level 17. HP: 91/91 MP: 27/27
 22498 | Snake:2  | Reached skill level 5 in Throwing
 22529 | Snake:2  | Reached skill level 1 in Evocations
 22859 | Snake:2  | Found Qiroeth's Distillery.
 22863 | Snake:2  | Bought a potion of resistance for 100 gold pieces
 22863 | Snake:2  | Bought a potion of might for 40 gold pieces
 22863 | Snake:2  | Bought a potion of curing for 30 gold pieces
 22946 | Snake:2  | Reached skill level 5 in Evocations
 24054 | Snake:4  | Entered Level 4 of the Snake Pit
 24182 | Snake:4  | Reached XP level 18. HP: 79/96 MP: 21/28
 24310 | Snake:4  | Reached skill level 10 in Evocations
 24636 | Snake:4  | Reached skill level 15 in Invocations
 24640 | Snake:4  | Got a serpentine rune of Zot
 24850 | Snake:4  | Noticed Bai Suzhen
 24879 | Snake:4  | Killed Bai Suzhen
 24886 | Snake:4  | Found Supej's General Store.
 25261 | Snake:4  | Found a basalt altar of Yredelemnul.
 25467 | Shoals:1 | Entered Level 1 of the Shoals
 25530 | Shoals:1 | Found a flickering gateway to a bazaar.
 25613 | Bazaar   | Entered a bazaar
 25625 | Bazaar   | Found Meis's Antique Armour Shoppe.
 25625 | Bazaar   | Found Wohaos's Assorted Antiques.
 25660 | Bazaar   | Found Famnuito's Magic Scroll Emporium.
 25660 | Bazaar   | Found Bonge's Book Emporium.
 25711 | Bazaar   | Bought a warped ring mail for 225 gold pieces
 25711 | Bazaar   | Identified the +5 ring mail "Muredgh" {Stlth+} (You bought
                  | it in a shop in a bazaar)
 25711 | Bazaar   | Bought a wand of iceblast (4) for 100 gold pieces
 25737 | Bazaar   | Bought a scroll of enchant armour for 120 gold pieces
 25737 | Bazaar   | Bought a scroll of fear for 56 gold pieces
 25737 | Bazaar   | Bought a scroll of enchant armour for 120 gold pieces
 25737 | Bazaar   | Bought a scroll of enchant weapon for 120 gold pieces
 26261 | Shoals:2 | Found a transporter.
 26263 | Shoals:2 | Found a transporter.
 26264 | Shoals:2 | Noticed Coargh's ghost (adept DjCj)
 26328 | Shoals:2 | Noticed Ilsuiw
 26376 | Shoals:2 | Killed Ilsuiw
 26385 | Shoals:2 | Reached XP level 19. HP: 42/105 MP: 28/31
 26442 | Shoals:2 | Found Paaqamo's Antique Armour Shoppe.
 26951 | Shoals:1 | Got the Catalogue of Lightness
 27890 | Shoals:3 | Reached skill level 15 in Fighting
 28086 | Shoals:3 | Reached skill level 1 in Hexes
 28217 | Shoals:4 | Entered Level 4 of the Shoals
 28266 | Shoals:4 | HP: 1/108 [merfolk/+0 trident (6)]
 28266 | Shoals:4 | Hit by a javelin thrown by a merfolk javelineer

Illustrated notes

Levels and vault maps discovered:
D:1:      saegor_arrival_simple_d, layout_loops_ring
D:2:      layout_loops_cross, nicolae_ecumenical_snake_handling, basic_altar,
          serial_bayou_lagoon_a
D:3:      layout_basic, mainiacjoe_overflow_brackets
D:4:      layout_rooms, lemuel_tele_altar, eat_drink_and_be_merry_uskayaw,
          minmay_temple_entry_sparse_star, uniq_menkaure
D:5:      layout_rooms, serial_shops, shop, grunt_decor_mini_mirrors
D:6:      layout_layer_cave, minmay_ruffians
D:7:      layout_basic, uniq_duvessa, uniq_maggie
D:8:      layout_basic, evilmike_ruin_ashenzari, david_lair_generic
D:9:      layout_loops_cross, enter_bailey_5
D:10:     layout_gridville, mainiacjoe_overflow_paths, worms_lemuel,
          uniq_maurice, uniq_joseph
D:11:     layout_stronghold, erik_orc_4
D:12:     layout_basic, serial_corexii_hall, corexii_hall_statues_t,
          corexii_hall_statues_deadend, minivault_25, yredelemnul_altar_generic
D:13:     layout_cave_pods, nemelex_xobeh_ov_fountains_minmay
D:14:     layout_basic, david_vaults_4, biasface_ghost_orc_armoury,
          lemuel_round_altar
D:15:     hangedman_depths_entry_civil_slaughter, layout_gridville,
          nicolae_ru_sacrificial_ziggurat, uniq_jorgrun, uniq_louise
Lair:1:   layout_regular_city, minivault_23, minmay_stone_trees_small,
          beast_lair_carwin_9, infiniplex_staircase_pool
Lair:2:   statuecave_lemuel, layout_chaotic_city,
          minmay_snake_entry_guardpost_medium, hellmonk_ghost_happy_afterlife,
          uniq_amaemon
Lair:3:   nzn_winding_woodlands_three_and_one
          [nzn_winding_woodlands_5x15_river_crossing,
          nzn_winding_woodlands_5x15_garden, nzn_winding_woodlands_5x15_pockets,
          nzn_winding_woodlands_center_lodge], layout_gridlike
Lair:4:   layout_misc_corridors, elwin_shoals_entry_rooms, basic_altar,
          gammafunk_ghost_abyssal_escape, hangedman_lair_unloving_vines
Lair:5:   layout_layer_cave, chequers_serial_rivers_large_a,
          serial_bayou_shore_a
Lair:6:   evil_forest, layout_long_grid, slime_altar_1,
          grunt_forest_large_clearing_hut, grunt_megastairs_3
Shoals:1: layout_shoals, serial_shops, bzr_entry_islet
Shoals:2: layout_shoals, serial_shops, nicolae_lakefront_shop,
          ebering_ghost_davey_jones, nicolae_shoals_hunting_party, uniq_ilsuiw
Shoals:3: layout_shoals
Shoals:4: shoals_end_simple, layout_shoals,
          nicolae_shoals_beach_house_on_fowls_legs
Snake:1:  layout_gridlike, serial_shops, shop, shop, shop, shop
Snake:2:  layout_misc_corridors, serial_shops, nicolae_shop_behind_doors
Snake:3:  layout_concentric_octagons
Snake:4:  snake_hunt, layout_rooms, basic_altar, serial_shops,
          nicolae_diamond_shop, grunt_megastairs_4, uniq_bai_suzhen
Orc:1:    layout_caves, rock_pile
Orc:2:    st_orc_ogre_mass, layout_caves, guppyfry_orc_lava_fort

Skill      XL: |  1  2  3  4  5  6  7  8  9 10 11 12 13 14 15 16 17 18 19 |
---------------+----------------------------------------------------------+-----
Short Blades   | 2 3 5 6 8 10 | 10.0
Shields        | 3 4 9 |  9.7
Stealth        | 5 10 12 | 12.1
Fighting       | 3 4 10 11 13 15 | 15.0
Invocations    | 6 11 13 15 | 15.0
Dodging        | 8 12 | 12.5
Armour         | 10 12 | 12.2
Throwing       | 3 6 |  6.0
Evocations     | 9 10 | 10.0
Hexes          | 4 |  4.2

Action                   |  1- 3 |  4- 6 |  7- 9 | 10-12 | 13-15 | 16-18 | 19-21 || total
-------------------------+-------+-------+-------+-------+-------+-------+-------++-------
Melee: Rapier            |   101 |    42 |       |       |       |       |       ||   143
       Bite              |    26 |    24 |    56 |   153 |   393 |   506 |   142 ||  1300
       Dagger            |       |    37 |   207 |   417 |   185 |    77 |       ||   923
       Quick blade       |       |       |       |    59 |   798 |  1182 |   333 ||  2372
 Fire: Fustibalus        |       |       |       |       |       |     3 |    13 ||    16
       Hunting sling     |       |       |       |       |       |     3 |       ||     3
Throw: Dart              |       |       |       |       |     3 |       |       ||     3
Invok: Line Pass         |       |       |     6 |    15 |    14 |    14 |       ||    49
       Stomp             |       |       |     1 |     3 |    14 |    42 |     5 ||    65
       Grand Finale      |       |       |       |     1 |     3 |     5 |     3 ||    12
Evoke: Wand              |       |     1 |     2 |     2 |     1 |     5 |       ||    11
       Box of beasts     |       |       |       |       |       |     2 |       ||     2
  Use: Scroll            |       |       |    18 |     6 |    14 |     7 |       ||    45
       Potion            |       |       |     2 |     1 |     3 |     2 |     2 ||    10
 Stab: Paralysed         |       |       |     7 |    46 |    60 |   106 |    25 ||   244
       Sleeping          |       |       |     3 |    13 |    24 |    36 |     6 ||    82
       Confused          |       |       |     2 |     6 |     9 |    13 |       ||    30
       Distracted        |       |       |       |     3 |     1 |     3 |       ||     7
Armor: Scale mail        |    31 |    26 |    57 |       |       |       |       ||   114
       Leather armour    |       |       |     9 |   129 |   137 |   190 |    64 ||   529
Dodge: Dodged            |    42 |    22 |    67 |   124 |   341 |   551 |   189 ||  1336
       Repelled          |       |       |       |       |     4 |    21 |     7 ||    32
Block: Buckler           |    25 |    17 |    48 |    59 |   159 |   323 |   129 ||   760
       Reflection        |       |       |       |       |       |       |     2 ||     2

Table legend: (Time is in decaauts)
 A = Elapsed time spent in this place.
 B = Non-inter-level travel time spent in this place.
 C = Inter-level travel time spent in this place.
 D = Time resting spent in this place.
 E = Time spent auto-exploring this place.
 F = Levels seen in this place.
 G = Mean time per level.
                   A        B        C        D        E       F      G
               +--------+--------+--------+--------+--------+-----+--------+
         Total |  26695 |  25115 |   1580 |    102 |  16214 |  33 |  808.9 |
       Dungeon |  13225 |  12361 |    864 |     32 |   9191 |  15 |  881.7 |
          Lair |   5946 |   5518 |    428 |      2 |   3687 |   6 |  991.0 |
        Shoals |   2513 |   2453 |     60 |     19 |   1062 |   4 |  628.2 |
     Snake Pit |   3128 |   3002 |    126 |     31 |   1540 |   4 |  782.0 |
  Orcish Mines |   1230 |   1130 |    100 |      0 |    656 |   2 |  615.0 |
        Bazaar |    163 |    163 |      0 |      0 |      0 |   1 |  163.0 |
        Bailey |    486 |    486 |      0 |     18 |     77 |   1 |  486.0 |
               +--------+--------+--------+--------+--------+-----+--------+

Top non-repeatable levels by time:
     D:6: 1579 daAuts
  Lair:6: 1258 daAuts
     D:1: 1242 daAuts
    D:14: 1121 daAuts
  Lair:3: 1110 daAuts
    D:12: 1022 daAuts
 Snake:4: 1002 daAuts
     D:3: 973 daAuts
  Lair:5: 958 daAuts
  Lair:2: 956 daAuts
Shoals:2: 941 daAuts
    D:15: 914 daAuts
    D:11: 879 daAuts
     D:9: 847 daAuts
    D:13: 839 daAuts
